Map: Ascension to Aiur LE

Players

Straus

  • Race: Terran Terran
  • League: Silver
  • Spawn Location: 5:00

eXile - Winner!

  • Race: Terran Terran
  • League: Platinum
  • Spawn Location: 11:00

VOD

Have the link to the VOD?

Description

Time

  • Played on: May 29, 2017, 5:47 p.m.
  • Length: 17:05
Show
View Real Time Build Order
Export as new Build Order

Straus Terran 

Build Orders:  

Get SALT Encoding   

  12  0:02  SCV  
  13  0:14  SCV  
  14  0:26  SCV  
  15  0:31  Supply Depot  
  15  0:43  Supply Depot  
  15  0:52  SCV  
  15  0:56  Barracks  
  16  1:04  SCV  
  16  1:07  Supply Depot  
  16  1:10  Refinery  
  17  1:21  SCV  
  18  1:29  Supply Depot  
  18  1:33  SCV  
  19  1:48  Marine  
  20  1:55  Barracks  
  20  2:03  SCV  
  20  2:06  Marine  
  22  2:14  Refinery  
  22  2:24  Marine  
  23  2:34  SCV  
  23  2:35  Command Center  
  24  2:41  Marine  
  25  2:46  SCV  
  25  2:49  Barracks Reactor  
  26  2:58  SCV  
  26  3:02  Engineering Bay, Marine  
  28  3:11  SCV  
  29  3:19  Marine  
  29  3:25  Marine x2  
  32  3:42  Missile Turret  
  32  3:46  Bunker  
  32  3:49  Marine  
  32  3:53  Refinery  
  32  3:55  Orbital Command  
  33  4:03  Missile Turret  
  33  4:07  Marine  
  33  4:08  SCV  
  35  4:20  SCV  
  36  4:32  SCV  
  36  4:34  Factory  
  37  4:41  Marine x2  
  37  4:43  Marine  
  37  4:44  SCV, Bunker  
  41  4:56  SCV  
  42  5:03  Terran Infantry Weapons Level 1  
  42  5:06  Missile Turret  
  42  5:07  Marine x2  
  42  5:08  SCV, Marine  
  46  5:14  SCV  
  46  5:21  SCV  
  48  5:25  Missile Turret  
  48  5:26  SCV  
  49  5:30  Factory Tech Lab  
  49  5:33  SCV  
  50  5:39  Missile Turret  
  50  5:45  SCV  
  50  5:46  Missile Turret  
  50  5:48  Refinery  
  51  5:51  Siege Tank  
  51  5:53  Factory  
  54  5:57  SCV  
  54  5:59  SCV  
  56  6:09  SCV  
  56  6:11  SCV, Starport  
  58  6:21  SCV  
  59  6:26  Missile Turret  
  59  6:32  Siege Tank  
  62  6:41  Command Center  
  62  6:48  Missile Turret  
  62  7:03  Starport Tech Lab  
  62  7:05  Factory Tech Lab  
  62  7:10  Starport  
  62  7:29  Corvid Reactor  
  62  7:39  Command Center  
  62  7:44  Raven  
  62  7:45  Siege Tank  
  62  7:49  Supply Depot  
  67  7:54  Supply Depot  
  67  7:55  Orbital Command  
  67  8:00  Refinery, SCV  
  68  8:12  SCV, Supply Depot, Starport Tech Lab  
  69  8:13  Missile Turret  
  69  8:17  Supply Depot  
  69  8:24  SCV  
  70  8:33  Missile Turret, Raven  
  72  8:34  Fusion Core  
  72  8:36  SCV  
  73  8:48  SCV  
  73  8:53  Missile Turret  
  73  8:55  Widow Mine x2  
  78  9:10  SCV  
  78  9:11  Refinery  
  79  9:19  Missile Turret  
  79  9:22  SCV  
  79  9:23  Battlecruiser  
  79  9:24  Battlecruiser, Widow Mine x2  
  92  9:30  Missile Turret  
  96  9:34  SCV  
  96  9:35  SCV  
  98  9:46  SCV  
  98  9:47  SCV  
  98  9:50  Supply Depot  
  98  9:52  Missile Turret, Widow Mine x2  
  100  9:58  SCV  
  100  9:59  SCV, Supply Depot, Missile Turret  
  106  10:10  SCV  
  106  10:12  Weapon Refit  
  106  10:13  Supply Depot  
  107  10:14  Starport  
  107  10:16  SCV  
  107  10:20  Missile Turret  
  107  10:21  Refinery, Widow Mine  
  108  10:22  SCV  
  108  10:28  SCV  
  112  10:30  Refinery  
  112  10:37  Supply Depot  
  112  10:40  Missile Turret  
  112  10:41  Battlecruiser  
  118  10:46  Battlecruiser  
  124  10:52  Starport  
  124  11:20  Starport Tech Lab  
  124  11:22  Armory, Recalibrated Explosives  
  124  11:27  Planetary Fortress  
  124  11:30  Planetary Fortress  
  124  11:39  Missile Turret  
  124  11:41  Missile Turret  
  124  11:50  Missile Turret x2  
  124  11:51  Missile Turret x2  
  124  11:59  Missile Turret, Starport Tech Lab  
  124  12:03  Missile Turret  
  124  12:10  Missile Turret x2  
  124  12:11  Missile Turret  
  124  12:12  Missile Turret  
  124  12:13  Armory  
  123  12:21  Raven  
  123  12:22  Raven  
  120  12:23  Raven  
  120  12:27  Raven  
  124  12:45  SCV  
  125  12:57  SCV  
  126  13:04  Medivac  
  126  13:05  Battlecruiser  
  134  13:10  SCV  
  135  13:22  SCV  
  135  13:34  SCV  
  136  13:49  Command Center  
  136  14:02  SCV  
  137  14:14  SCV  
  109  14:29  SCV  
  95  14:41  SCV  
  96  14:53  SCV  
  97  15:31  Battlecruiser x2  
  97  15:32  Raven  
  97  15:33  Battlecruiser  
  117  16:01  Missile Turret x3  
  117  16:02  Refinery, Missile Turret  
  117  16:03  Refinery, Siege Tank, Missile Turret x2  
  117  16:04  Siege Tank, Missile Turret  
Show
View Real Time Build Order
Export as new Build Order

eXile Terran - Winner!

Build Orders: Reaper Expand, MMM Bio 

Get SALT Encoding   

  12  0:01  SCV  
  13  0:14  SCV  
  14  0:18  Supply Depot  
  14  0:26  SCV  
  15  0:42  Barracks, SCV  
  16  0:46  Refinery  
  16  0:54  SCV  
  17  1:06  SCV  
  18  1:18  SCV  
  19  1:30  Orbital Command  
  19  1:33  Reaper  
  20  1:42  Command Center  
  20  1:57  SCV  
  21  2:08  Barracks Reactor  
  21  2:09  SCV, Supply Depot  
  22  2:21  SCV  
  23  2:25  Barracks  
  23  2:26  Refinery  
  23  2:33  SCV  
  24  2:45  SCV  
  25  2:56  Marine x2  
  25  2:57  SCV  
  25  2:58  Orbital Command  
  28  3:03  Factory  
  28  3:14  Marine x2  
  28  3:16  Barracks Tech Lab  
  30  3:21  SCV  
  30  3:24  Supply Depot  
  31  3:32  Marine x2  
  31  3:34  SCV  
  34  3:35  Stimpack  
  34  3:36  Marine  
  35  3:46  SCV  
  35  3:47  Factory Reactor, Starport  
  36  3:49  SCV  
  36  3:54  Marine  
  38  3:58  SCV  
  38  3:59  Supply Depot  
  38  4:01  SCV, Marine x2  
  42  4:10  SCV  
  42  4:12  Marine  
  42  4:13  SCV  
  45  4:19  Marine x2  
  45  4:22  Refinery, SCV, Engineering Bay  
  48  4:30  Command Center, Marine  
  49  4:32  Medivac x2  
  49  4:35  Factory Tech Lab  
  49  4:37  Marine x2  
  55  4:46  Command Center  
  55  4:52  Marine  
  56  5:00  SCV x2  
  58  5:09  Viking  
  58  5:10  Marine  
  58  5:12  SCV  
  62  5:16  Supply Depot  
  62  5:19  Supply Depot  
  62  5:35  Combat Shields  
  62  5:36  Terran Infantry Weapons Level 1  
  62  5:37  Viking, SCV x2, Marine x3  
  69  5:49  SCV x2  
  71  5:50  Supply Depot  
  71  5:55  Barracks x2, Marine  
  72  5:57  Supply Depot  
  72  6:02  SCV x2  
  74  6:07  Orbital Command  
  74  6:13  Viking x2  
  74  6:14  SCV x2  
  74  6:15  Marine  
  81  6:19  Supply Depot  
  81  6:22  Refinery  
  81  6:28  Orbital Command  
  81  6:31  Supply Depot  
  81  6:43  Medivac x2  
  81  6:45  Supply Depot x2  
  81  6:46  Barracks Reactor  
  85  6:47  Barracks Reactor  
  85  6:49  Factory  
  65  7:11  Siege Tank  
  65  7:15  Supply Depot  
  68  7:17  SCV x3  
  71  7:22  Marine  
  71  7:23  Marine x6  
  71  7:29  SCV x3  
  81  7:37  Armory  
  81  7:39  Terran Infantry Armor Level 1  
  81  7:40  Marine  
  81  7:41  SCV x2  
  81  7:42  Marine, Engineering Bay  
  81  7:43  Siege Tank, Marine x3  
  91  7:48  Factory Tech Lab  
  91  7:52  Medivac x2  
  95  7:58  Refinery  
  95  8:04  SCV, Supply Depot  
  96  8:08  SCV x2  
  98  8:14  Marine x3  
  98  8:15  Siege Tank  
  98  8:16  SCV  
  105  8:24  Command Center, Marine x4  
  109  8:31  Marine  
  109  8:32  Marine  
  111  8:35  Marine  
  111  8:41  Siege Tank  
  115  8:42  Marine x4  
  115  8:47  Siege Tank, SCV x3  
  125  8:48  Refinery  
  125  8:49  Marine x2  
  125  8:53  Marine  
  125  8:54  Terran Vehicle Weapons Level 1  
  125  8:55  Terran Infantry Weapons Level 2  
  128  8:57  Supply Depot  
  128  8:59  SCV x2  
  128  9:00  Marine x4  
  134  9:03  SCV  
  134  9:07  Marine x2  
  134  9:09  Viking  
  139  9:10  Marine  
  139  9:11  SCV x2  
  139  9:15  SCV  
  143  9:17  Marine  
  143  9:22  Marine x3  
  143  9:23  SCV x2  
  149  9:25  Marine x2  
  149  9:27  SCV  
  149  9:28  Marine  
  153  9:35  SCV x2, Marine  
  156  9:39  SCV, Marine, Terran Infantry Armor Level 2  
  156  9:40  Marine  
  159  9:47  SCV, Supply Depot  
  159  9:51  Planetary Fortress  
  160  9:54  Command Center  
  160  10:10  Sensor Tower  
  160  10:13  Marine x7  
  167  10:30  Barracks, Marine  
  167  10:31  Marine  
  167  10:32  Barracks x3  
  169  10:39  SCV x2  
  169  10:40  SCV  
  172  10:44  Marine  
  172  10:45  Refinery x2, Marine x4  
  172  10:47  Siege Tank x2  
  172  10:48  Marine  
  188  10:55  Sensor Tower  
  188  11:05  Marine x3  
  188  11:06  SCV, Marauder  
  188  11:07  Viking x2  
  188  11:11  Terran Ship Weapons Level 1  
  194  11:14  Terran Infantry Weapons Level 3, Armory  
  194  11:19  Siege Tank x2  
  194  11:21  Planetary Fortress  
  194  11:23  Barracks Reactor x2  
  194  11:24  Barracks Reactor x2  
  200  12:06  Starport  
  200  12:08  Starport  
  200  12:13  Starport  
  195  12:44  Starport Reactor  
  195  12:45  Starport Reactor  
  195  12:52  Fusion Core, Starport Tech Lab  
  188  13:44  Viking x2  
  188  13:45  Viking x4  
  147  14:27  Viking x7  
  147  14:31  SCV, Marine x2  
  128  14:32  Marine x13  
  137  14:49  Marine x2  
  137  14:50  Marine x13  
  152  14:57  Viking x5  
  152  14:58  Battlecruiser  
  159  15:07  Marine x8  
  159  15:08  Marine x7  
  169  15:24  Marine  
  169  15:25  Marine x11  
  169  15:26  Marine  
  182  15:29  Marine  
  182  15:30  Marine  
  182  15:31  Viking  
  182  15:32  Viking  
  194  15:40  Medivac x2  
  194  15:41  Medivac x2  
  194  15:42  Marine x2  
  196  15:43  Marine x2  
  200  15:57  Weapon Refit  
Tags
 
Composition
MMM Bio
Matchup
TvT
Race
Terran
Spawn Locations
Cross Positions
Add a new tag
Caveats
  • Supply blocks, unpowered buildings, or Contaminate may cause inaccurate times.
  • Supply counts are checked every 10 seconds.